 Dungeon Crawl Stone Soup version 0.17-a0-1500-gecf5ee4 (webtiles) character file.

5246 Gobser the Cleaver (level 10, -1/96 HPs)
             Began as a Naga Berserker on July 7, 2015.
             Was an Elder of Trog.
             Splashed by an oklob plant's acid (15 damage)
             ... on level 1 of the Lair of Beasts.
             The game lasted 00:40:16 (9886 turns).

Gobser the Cleaver (Naga Berserker)                 Turns: 9886, Time: 00:40:18

Health: -1/96      AC:  9    Str: 22    XL:     10   Next: 62%
Magic:  10/10      EV:  5    Int:  9    God:    Trog [****..]
Gold:   294        SH:  4    Dex: 10    Spells: 0 memorised, 9 levels left

rFire  . . .     SeeInvis +     m - +2 war axe (flame)
rCold  + . .     Rnd*Rage +     i - +5 plate armour
rNeg   . . .     SustAt   .     e - +0 buckler
rPois  +         Gourm    .     v - +2 helmet
rElec  .         Spirit   .     j - +0 cloak
rCorr  .         Warding  .     (no gloves)
rMut   .         Stasis   .     (no barding)
MR     +....                    (no amulet)
Stlth  ..........               G - ring of protection from cold
                                d - ring of stealth

@: corroded equipment, very slow, somewhat resistant to hostile enchantments,
extremely unstealthy
A: see invisible, berserk 1, deformed body, poison resistance, slowness 2, slow
metabolism 1, spit poison 2, evolution 1, AC +3
a: Spit Poison, Burn Spellbooks, Berserk, Trog's Hand, Brothers in Arms,
Renounce Religion


You were on level 1 of the Lair of Beasts.
You worshipped Trog.
Trog was greatly pleased with you.
You were hungry.

You visited 2 branches of the dungeon, and saw 9 of its levels.

You collected 376 gold pieces.
You spent 82 gold pieces at shops.

Inventory:

Hand weapons
 a - a +0 hand axe
 m - a +2 war axe of flaming (weapon)
 B - a +0 trident of protection
Missiles
 h - 2 throwing nets
 o - 5 tomahawks (quivered)
Armour
 b - a +0 animal skin
 e - a +0 buckler (worn)
 f - a +0 leather armour
 g - a +2 scale mail of poison resistance
 i - a +5 plate armour (worn)
 j - a +0 cloak (worn)
 v - a +2 helmet (worn)
Magical staves
 F - an uncursed staff of fire
Jewellery
 d - a ring of stealth (left hand)
 s - an uncursed ring of poison resistance
 G - a ring of protection from cold (right hand)
Magical devices
 l - a wand of enslavement (19)
 y - a wand of lightning (11)
 A - a wand of paralysis (10)
 C - a wand of slowing (24)
 H - a wand of disintegration (8)
Scrolls
 p - a scroll of immolation
 r - 4 scrolls of teleportation
 u - 3 scrolls of fear
 w - 3 scrolls of remove curse
 z - 3 scrolls of recharging
Potions
 k - 2 potions of might
 n - a potion of curing
 t - 2 potions of cure mutation
 E - a potion of flight
Comestibles
 c - 4 bread rations
 q - 2 beef jerkies
 x - 2 slices of pizza
 D - 6 fruits
 I - a meat ration


   Skills:
 + Level 8.0 Fighting
 + Level 8.9 Axes
 + Level 1.8 Throwing
 + Level 7.1 Armour
 + Level 3.1 Dodging
 - Level 2.5 Stealth
 + Level 3.9 Shields
 + Level 0.8 Evocations


You had 9 spell levels left.
You didn't know any spells.

Dungeon Overview and Level Annotations

Branches:
Dungeon (8/15)             Temple (0/1) D:5            Lair (1/8) D:8

Altars:
Ashenzari
Cheibriados
Elyvilon
Gozag
Makhleb
Okawaru
Qazlal
Trog

Shops:
D:4 (}?}(   D:5 (

Annotations:
Lair:1 exclusion: oklob plant


Innate Abilities, Weirdness & Mutations

You cannot wear boots.
Your serpentine skin is tough (AC +3).
You have supernaturally acute eyesight.
Armour fits poorly on your strangely shaped body.
Your system is resistant to poisons.
You cover ground very slowly.
You have a slow metabolism.
You can spit poison.
You tend to lose your temper in combat.
You evolve.


Message History

You hit the bush but do no damage.
The bush is lightly damaged.
The oklob plant spits acid at you. The splash of acid hits you!
The acid burns!
You completely miss the bush.
The bush is moderately damaged.
You hit the bush but do no damage.
The bush is lightly damaged.
You hit the bush but do no damage.
The bush is moderately damaged.
You hit the bush. You burn the bush.
The bush is lightly damaged.
The oklob plant spits acid at you. The splash of acid hits you!
The acid corrodes you!
The acid burns!
* * * LOW HITPOINT WARNING * * *
The oklob plant spits acid at you. The splash of acid hits you!
* * * LOW HITPOINT WARNING * * *
The acid corrodes you!
The acid burns!
You die...

#........>........##
##..
#........?..###....#
#.. #.........###
#...## #..
#....#.....# #...#
#.. #...###...##
#...# ##.. #...#
#...# #...# #...
#... ##...# ###...##
##.. #...
#....###......# #..
#. ##....@...)..##
#.. #.....#..PPP..#
#.. ##...##.)PPP..#
#.. #...##..PPP..#
#.. #...###..%. ##..
#...# ##.... #...
#.... ....# ##..
#...## #...# #..
#...# ...# #..


You could see an oklob plant.

Vanquished Creatures
  Nergalle (Lair:1)
  Pikel (D:7)
  Joseph (D:7)
  The ghost of valor the Archer, an experienced CeHu (D:4)
  2 spiny frogs (Lair:1)
  Grinder (D:3)
  A two-headed ogre (D:8)
  A hippogriff (D:7)
  2 orc warriors (D:7)
  2 water moccasins (Lair:1)
  An ice beast (D:7)
  An ogre (D:6)
  3 slaves (D:7)
  The ghost of WhatIsLove the Magician, an average OpFE (D:3)
  2 crocodiles (Lair:1)
  4 giant frogs
  Blork the orc (D:5)
  3 centaurs
  3 wights (D:8)
  3 crimson imps
  A quasit (D:5)
  A centaur zombie (D:8)
  3 hounds
  4 orc priests
  An iguana (D:7)
  4 orc wizards
  Jessica (D:2)
  Terence (D:2)
  A worker ant (D:6)
  7 sheep (Lair:1)
  A hound skeleton (D:6)
  7 adders
  2 shadow imps (D:6)
  5 gnolls (D:6)
  2 oozes (D:3)
  5 worms
  An adder zombie (D:7)
  3 giant geckos
  19 orcs
  4 ball pythons
  A bat skeleton (D:6)
  3 giant cockroaches
  19 goblins
  24 hobgoblins
  15 jackals
  5 quokkas
  8 bats
  A giant gecko skeleton (D:5)
  A giant newt (D:4)
  12 kobolds
  11 rats
  A fungus (D:8)
  A plant (D:6)
210 creatures vanquished.

Vanquished Creatures (collateral kills)
  An orc (D:4)
1 creature vanquished.

Vanquished Creatures (others)
  4 fungi (D:8)
  A plant (Lair:1)
5 creatures vanquished.

Grand Total: 216 creatures vanquished

Notes
Turn   | Place    | Note
--------------------------------------------------------------
     0 | D:1      | Gobser the Naga Berserker began the quest for the Orb.
     0 | D:1      | Reached XP level 1. HP: 21/21 MP: 1/1
   564 | D:1      | Reached XP level 2. HP: 28/28 MP: 2/2
   721 | D:1      | Reached skill level 1 in Stealth
  1164 | D:1      | Reached XP level 3. HP: 34/34 MP: 3/3
  1409 | D:2      | Found an iron altar of Okawaru.
  1446 | D:2      | Acquired Trog's second power
  1623 | D:2      | Reached XP level 4. HP: 16/42 MP: 4/4
  1814 | D:2      | Noticed Terence
  1825 | D:2      | Killed Terence
  1991 | D:2      | Found a stormy altar of Qazlal.
  2190 | D:2      | Noticed Jessica
  2201 | D:2      | Killed Jessica
  2201 | D:2      | Reached XP level 5. HP: 39/50 MP: 5/5
  2501 | D:3      | Noticed Grinder
  2518 | D:3      | Paralysed by Grinder for 7 turns
  2534 | D:3      | Killed Grinder
  2534 | D:3      | Reached skill level 4 in Fighting
  2534 | D:3      | Reached XP level 6. HP: 35/58 MP: 6/6
  2564 | D:3      | Noticed WhatIsLove's ghost (average OpFE)
  2584 | D:3      | Killed WhatIsLove's ghost
  2633 | D:3      | Reached XP level 7. HP: 59/66 MP: 7/7
  2805 | D:3      | Reached skill level 1 in Shields
  2937 | D:3      | Found a bloodstained altar of Trog.
  3240 | D:4      | Found Erphado's Antique Weapon Boutique.
  3269 | D:4      | Found Doimnari's Gadget Emporium.
  3373 | D:4      | Noticed valor's ghost (experienced CeHu)
  3405 | D:4      | Killed valor's ghost
  3405 | D:4      | Reached skill level 5 in Fighting
  3405 | D:4      | Reached skill level 1 in Throwing
  3597 | D:4      | Reached XP level 8. HP: 74/74 MP: 8/8
  3605 | D:4      | Found Zyeru's Magic Scroll Emporium.
  3614 | D:4      | Bought a scroll of enchant armour for 82 gold pieces
  3735 | D:4      | Found Leowaoq's Gadget Emporium.
  3772 | D:4      | Found Asejet's Antique Weapon Shoppe.
  3840 | D:5      | Entered Level 5 of the Dungeon
  3860 | D:5      | Found Timuly's Antique Weapon Shoppe.
  3864 | D:5      | Noticed Blork the orc
  3877 | D:5      | Killed Blork the orc
  4007 | D:5      | Reached skill level 5 in Axes
  4061 | D:5      | Found a burning altar of Makhleb.
  4096 | D:5      | Found a snail-covered altar of Cheibriados.
  4432 | D:5      | Found a staircase to the Ecumenical Temple.
  4955 | D:6      | Acquired Trog's third power
  5145 | D:6      | Found a shattered altar of Ashenzari.
  5210 | D:6      | Reached skill level 5 in Armour
  5218 | D:6      | Reached skill level 6 in Fighting
  5874 | D:6      | Reached XP level 9. HP: 31/82 MP: 9/9
  6796 | D:7      | Noticed Joseph
  6817 | D:7      | Killed Joseph
  6817 | D:7      | Reached skill level 7 in Axes
  7040 | D:7      | Noticed Pikel
  7052 | D:7      | Killed Pikel
  8174 | D:8      | Found a white marble altar of Elyvilon.
  8187 | D:8      | Found an opulent altar of Gozag.
  8193 | D:8      | Gained mutation: You tend to lose your temper in combat. [potion of mutation]
  8193 | D:8      | Gained mutation: You evolve. [potion of mutation]
  8258 | D:8      | Reached XP level 10. HP: 78/94 MP: 10/10
  8342 | D:8      | Found a staircase to the Lair.
  8378 | Lair:1   | Entered Level 1 of the Lair of Beasts
  8425 | Lair:1   | Noticed Nergalle
  8443 | Lair:1   | Killed Nergalle
  8443 | Lair:1   | Reached skill level 8 in Axes
  9352 | Lair:1   | Noticed an oklob plant
  9886 | Lair:1   | Splashed by an oklob plant's acid

Vault maps used:
D:1:      evilmike_arrival_run_for_it
D:2:      okawaru_ov_weapons_minmay, grunt_qazlal_sundering, uniq_jessica,
          uniq_terence
D:3:      old_standard_altar, uniq_grinder
D:4:      serial_shops, shop, shop, kennysheep_mini_moat, kennysheep_mini, shop,
          first_bread
D:5:      old_standard_altar, minmay_temple_entry_from_below_a, basic_altar,
          serial_shops, nicolae_shop_overgrown_old_shop, uniq_blork_the_orc
D:6:      corexii_shantytown, ashenzari_altar_1, hangedman_abyss_or_decor_stabs
D:7:      uniq_pikel, uniq_joseph
D:8:      nicolae_gozag_seed_capital, dpeg_oklobed_lair, basic_altar
Lair:1:   minmay_lair_oklob_bushes, uniq_nergalle

Action                   |  1- 3 |  4- 6 |  7- 9 | 10-12 || total
-------------------------+-------+-------+-------+-------++-------
Melee: Hand axe          |    71 |       |       |       ||    71
       War axe           |    46 |   110 |   506 |    65 ||   727
Throw: Tomahawk          |       |       |    18 |       ||    18
Invok: Berserk           |     1 |     2 |     3 |     1 ||     7
       Trog's Hand       |       |     1 |     4 |     2 ||     7
 Abil: Spit Poison       |       |       |     5 |     1 ||     6
Evoke: Wand              |       |       |     3 |     3 ||     6
  Use: Scroll            |     4 |     3 |    22 |     1 ||    30
       Potion            |     6 |     3 |     8 |     2 ||    19
 Stab: Sleeping          |     3 |       |       |       ||     3
  Eat: Beef jerky        |     2 |       |       |       ||     2
       Meat ration       |       |     1 |     2 |       ||     3
       Bread ration      |       |       |     2 |     1 ||     3
